 Dungeon Crawl Stone Soup version 0.31.0-12-g77e489cdc1 (webtiles) character file.

Game seed: 12979172205790527133

28 Gadfly the Trooper (level 2, -1/24 HPs)
             Began as a Demonspawn Monk on Feb 11, 2024.
             Slain by a gnoll
             ... wielding a +0 club
              (4 damage)
             ... on level 2 of the Dungeon.
             The game lasted 00:01:18 (1370 turns).

Gadfly the Trooper (Demonspawn Monk)                Turns: 1370, Time: 00:01:18

Health: -1/24      AC:  6    Str: 11    XL:     2   Next: 96%
Magic:  2/2        EV: 12    Int: 10    God:
Gold:   50         SH:  0    Dex: 15    Spells: 1/1 levels left

rFire   . .          .
                       - Unarmed
rCold   + . .        c - orb {light}
rNeg    . . .        j - +1 leather armour {rC+}
rPois   .            (no helmet)
rElec   .            f - +0 cloak
rCorr   .            g - +0 pair of gloves
SInv    .            (no boots)
Will    .....        (no amulet)
Stlth   +            (no ring)
HPRegen 0.24/turn    (no ring)
MPRegen 0.08/turn

%: no passive effects
@: glowing
A: demonic guardian 1
a: no special abilities


You were on level 2 of the Dungeon.
You visited 1 branch of the dungeon, and saw 2 of its levels.

You collected 50 gold pieces.

Inventory:

Hand Weapons
 b - a +2 dagger of protection
Armour
 a - a +0 robe
 c - an orb of light (worn)
 f - a +0 cloak (worn)
 g - a +0 pair of gloves (worn)
 j - a +1 leather armour of cold resistance (worn)
Scrolls
 d - 2 scrolls of identify {unknown}
 e - a scroll of enchant armour {unknown}
 k - a scroll of amnesia {unknown}
 l - a scroll of enchant weapon {unknown}
Potions
 h - a potion of curing {unknown}
 i - a potion of ambrosia
 m - 2 potions of might {unknown}


   Skills:
 - Level 3.0 Fighting
 + Level 2.8 Dodging
 * Level 3.0 Unarmed Combat
 * Level 1.1 Evocations
 * Level 1.0 Shapeshifting


You had one spell level left.
You didn't know any spells.
Your spell library was empty.

Dungeon Overview and Level Annotations

Branches:
Dungeon (2/15)

Altars:

Annotations:
D:2 1 runed translucent door, Crazy Yiuf


Innate Abilities, Weirdness & Mutations

A weak demonic guardian rushes to your aid.


Message History

You hit the gnoll.
The gnoll is severely wounded.
The gnoll hits you with a +0 whip. The gnoll barely misses you.
The gnoll hits you but does no damage.
You hit the gnoll.
The gnoll is almost dead.
The gnoll hits you but does no damage. The gnoll closely misses you.
The gnoll hits you with a +0 club.
You hit the gnoll.
You kill the gnoll!
The gnoll hits you but does no damage. x2
Your Evocations skill increases to level 1!
Your Shapeshifting skill increases to level 1!
Unknown command.
The gnoll attacks as it pursues you! The gnoll hits you with a +0 whip.
The gnoll attacks as it pursues you! The gnoll hits you with a +0 club.
The gnoll attacks as it pursues you! The gnoll barely misses you.
The gnoll attacks as it pursues you! The gnoll hits you but does no damage.
The gnoll attacks as it pursues you! The gnoll barely misses you.
The gnoll attacks as it pursues you! The gnoll hits you with a +0 club.
The gnoll attacks as it pursues you! The gnoll hits you but does no damage.
The gnoll attacks as it pursues you! The gnoll closely misses you.
There is an open door here.
The gnoll attacks as it pursues you! The gnoll hits you with a +0 club.
A demonic guardian appears!
The gnoll attacks as it pursues you! The gnoll barely misses you.
Your quasit bites the gnoll but does no damage.
Your quasit claws the gnoll. x2
A dart slug comes into view.
The gnoll hits you with a +0 club.
The gnoll hits your quasit with a +0 whip.
Your quasit bites the gnoll but does no damage.
Your quasit claws the gnoll but does no damage. x2
The dart slug launches a dart at you. The slug dart misses you.
The gnoll attacks as it pursues you! The gnoll hits you with a +0 club.
* * * LOW HITPOINT WARNING * * *
The gnoll hits something with a +0 whip.
The gnoll attacks as it pursues you! The gnoll hits you with a +0 club.
You die...

########## ..
.#........#
.###.#.######.#
..............
.....#####.##.# #+#.
#...........# #>.
#.######.#..#
#.#####.####...........#
#......@..........#....#
...####g#....####.######
#...5......#.#
#..#gg..##.#.#
#..#.....#.#.# ###
#..##'#....#.# #)..
#w.##.######## #...
#..##...####.# #...
#..##........# ###


You could see 2 gnolls and a dart slug.

Vanquished Creatures
  A gnoll (D:2)
  6 hobgoblins
  2 kobolds (D:1)
  5 bats
  2 goblins (D:1)
  2 rats
18 creatures vanquished.

Notes
Turn   | Place    | Note
-------+----------+-------------------------------------------
     0 | D:1      | Gadfly the Demonspawn Monk began the quest for the Orb.
     0 | D:1      | Reached XP level 1. HP: 18/18 MP: 1/1
   601 | D:1      | Gained mutation: A weak demonic guardian rushes to your
                  | aid. [demonic ancestry]
   601 | D:1      | Reached XP level 2. HP: 24/24 MP: 2/2
  1219 | D:2      | Found a runed translucent door.
  1220 | D:2      | Noticed Crazy Yiuf
  1350 | D:2      | Reached skill level 1 in Evocations
  1350 | D:2      | Reached skill level 1 in Shapeshifting
  1370 | D:2      | Slain by a gnoll

Illustrated notes

Levels and vault maps discovered:
D:1:      matt_arrival_los_fun, layout_loops_corners
D:2:      layout_basic, uniq_crazy_yiuf_cottage

Skill      XL: |  1  2 |
---------------+-------+-----
Unarmed Combat | 3 |  3.0
Evocations     | 1 |  1.1
Shapeshifting  | 1 |  1.0
Fighting       | |  3.0
Dodging        | |  2.8

Action                     || total
---------------------------++-------
  Melee: Unarmed           ||    58
 Armour: Robe              ||     8
         Leather armour    ||    30
  Dodge: Dodged            ||    46
